 Dungeon Crawl Stone Soup version 0.29.0-11-gd7f09526c8 (webtiles) character file.

Game seed: 15251653000912242757

51 themarg the Cutter (level 3, -1/26 HPs)
             Began as a Gnoll Wanderer on Sept 2, 2022.
             Succumbed to Jessica's poison
             ... on level 2 of the Dungeon.
             The game lasted 00:02:32 (1285 turns).

themarg the Cutter (Gnoll Wanderer)                 Turns: 1285, Time: 00:02:33

Health: -1/26      AC:  4    Str: 11    XL:     3   Next: 81%
Magic:  5/7        EV: 11    Int: 13    God:
Gold:   48         SH:  0    Dex: 11    Spells: 6/7 levels left

rFire   . . .      SeeInvis .   a - +2 short sword
rCold   . . .      Faith    .   (no shield)
rNeg    . . .      Spirit   .   f - +0 leather armour
rPois   .          Reflect  .   (no helmet)
rElec   .          Harm     .   (no cloak)
rCorr   .          Rampage  .   g - +0 pair of gloves
Will    .....                   (no boots)
Stlth   +.........              (no amulet)
HPRegen 0.08/turn               (no ring)
MPRegen 0.10/turn               (no ring)

@: lethally poisoned (-1 -> -19), flying
A: fangs 1, strong nose, distributed training
a: no special abilities


You were on level 2 of the Dungeon.
You visited 1 branch of the dungeon, and saw 2 of its levels.

You collected 48 gold pieces.

Inventory:

Hand Weapons
 a - a +2 short sword (weapon)
Armour
 b - a +0 buckler
 f - a +0 leather armour (worn)
 g - a +0 pair of gloves (worn)
Scrolls
 c - 2 scrolls of blinking
 e - 3 scrolls of identify {unknown}
 h - a scroll of acquirement {unknown}
 j - a scroll of summoning {unknown}
 l - a scroll of fear {unknown}
Potions
 d - a potion of attraction {unknown}
 i - a potion of flight
 k - a potion of invisibility {unknown}
 m - a potion of magic {unknown}


   Skills:
 + Level 1.0 Fighting
 + Level 6.5 Short Blades
 + Level 1.0 Long Blades
 + Level 1.0 Axes
 + Level 1.0 Maces & Flails
 + Level 1.0 Polearms
 + Level 1.0 Staves
 + Level 1.0 Ranged Weapons
 + Level 1.0 Throwing
 + Level 2.7 Armour
 + Level 1.0 Dodging
 + Level 1.0 Stealth
 + Level 4.6 Shields
 + Level 1.0 Unarmed Combat
 + Level 2.9 Spellcasting
 + Level 0.7 Conjurations
 + Level 0.7 Hexes
 + Level 0.7 Summonings
 + Level 0.7 Necromancy
 + Level 0.7 Translocations
 + Level 0.7 Transmutations
 + Level 0.7 Fire Magic
 + Level 0.7 Ice Magic
 + Level 0.7 Air Magic
 + Level 0.7 Earth Magic
 + Level 3.8 Poison Magic
 + Level 1.1 Invocations
 + Level 2.7 Evocations


You had 6 spell levels left.
You knew the following spells:

 Your Spells              Type           Power      Damage    Failure   Level
a - Sting                 Tmut/Pois      28%        1d4       12%         1

Your spell library contained the following spells:

 Spells                   Type           Power      Damage    Failure   Level
 Mephitic Cloud           Conj/Pois/Air  6%         N/A       38%         3
 Gell's Gravitas          Tloc           3%         N/A       54%         3
 Inner Flame              Hex/Fire       3%         N/A       54%         3
 Lesser Beckoning         Tloc           3%         N/A       54%         3
 Teleport Other           Tloc           3%         N/A       54%         3
 Cause Fear               Hex            1%         N/A       91%         4
 Discord                  Hex            1%         N/A       100%        8


Dungeon Overview and Level Annotations

Branches:
Dungeon (2/15)

Altars:


Innate Abilities, Weirdness & Mutations

You have very sharp teeth.
Your uncanny sense of smell can sniff out nearby items.
Your experience applies equally to all skills.


Message History

Aim: Jessica, wielding a +0 dagger of venom, wearing a +0 robe and carrying a wand of roots (7) (moderately wounded, fast, poisoned, 68% to hit)
The sting hits Jessica.
Jessica looks even sicker.
Jessica is heavily wounded.
Jessica zaps a wand.
The roots erupt in riotous growth!
The grasping roots grab you!
Jessica is unaffected.
The grasping roots constrict you. Jessica barely misses you.
The grasping roots constrict you.
You barely miss Jessica.
Jessica is heavily wounded.
Jessica hits you with a +0 dagger of venom.
You are lethally poisoned!
The grasping roots constrict you.
You closely miss Jessica.
Jessica is heavily wounded.
You feel very sick. Jessica hits you but does no damage.
You are more poisoned.
The grasping roots constrict you.
* * * LOW HITPOINT WARNING * * *
You hit Jessica.
You kill Jessica!
* * * LOW HITPOINT WARNING * * *
You feel very sick.
Your Fighting skill increases to level 1!
Your Long Blades skill increases to level 1!
Your Axes skill increases to level 1!
Your Maces & Flails skill increases to level 1!
Your Polearms skill increases to level 1!
Your Staves skill increases to level 1!
Your Ranged Weapons skill increases to level 1!
Your Throwing skill increases to level 1!
Your Dodging skill increases to level 1!
Your Stealth skill increases to level 1!
Your Unarmed Combat skill increases to level 1!
Your Invocations skill increases to level 1!
There is a lethal amount of poison in your body!
It was a potion of flight.
You feel very buoyant.
You fly up into the air.
You die...

# ###.#.# .....
#########..#
#..........#
........#.##
#.#####)#.#
#@#.# #.#.#
#...# ##..# #..#
#..#
#.########..###
#..........<..#
##########.....#


There were no monsters in sight!

Vanquished Creatures
  Jessica (D:2)
  4 ball pythons (D:1)
  3 endoplasms (D:1)
  A giant cockroach (D:1)
  A hobgoblin (D:1)
  7 bats (D:1)
  A frilled lizard (D:1)
  A goblin (D:1)
  3 kobolds (D:1)
  A rat (D:1)
23 creatures vanquished.

Notes
Turn   | Place    | Note
-------+----------+-------------------------------------------
     0 | D:1      | themarg the Gnoll Wanderer began the quest for the Orb.
     0 | D:1      | themarg set off with the following items: a +2 short sword,
                  | a +0 buckler, a scroll of blinking, a +0 robe; and the
                  | following spell memorised: Sting; and the following spells
                  | available to memorise: Mephitic Cloud.
     0 | D:1      | Reached XP level 1. HP: 13/13 MP: 4/4
   294 | D:1      | Reached XP level 2. HP: 18/19 MP: 5/5
   992 | D:1      | Reached XP level 3. HP: 23/25 MP: 7/7
  1275 | D:2      | Noticed Jessica
  1284 | D:2      | Killed Jessica
  1285 | D:2      | Reached skill level 1 in Fighting
  1285 | D:2      | Reached skill level 1 in Long Blades
  1285 | D:2      | Reached skill level 1 in Axes
  1285 | D:2      | Reached skill level 1 in Maces & Flails
  1285 | D:2      | Reached skill level 1 in Polearms
  1285 | D:2      | Reached skill level 1 in Staves
  1285 | D:2      | Reached skill level 1 in Ranged Weapons
  1285 | D:2      | Reached skill level 1 in Throwing
  1285 | D:2      | Reached skill level 1 in Dodging
  1285 | D:2      | Reached skill level 1 in Stealth
  1285 | D:2      | Reached skill level 1 in Unarmed Combat
  1285 | D:2      | Reached skill level 1 in Invocations
  1285 | D:2      | Succumbed to Jessica's poison

Illustrated notes

Levels and vault maps discovered:
D:1:      heliophobic_arrival_dark_side_of_the_moon, layout_basic,
          minmay_tetromino_i2
D:2:      layout_loops_ring, chequers_arboretum, chequers_serial_rivers_small_3,
          uniq_jessica

Skill      XL: |  1  2  3 |
---------------+----------+-----
Fighting       | 1 |  1.0
Long Blades    | 1 |  1.0
Axes           | 1 |  1.0
Maces & Flails | 1 |  1.0
Polearms       | 1 |  1.0
Staves         | 1 |  1.0
Ranged Weapons | 1 |  1.0
Throwing       | 1 |  1.0
Dodging        | 1 |  1.0
Stealth        | 1 |  1.0
Unarmed Combat | 1 |  1.0
Invocations    | 1 |  1.1
Short Blades   | |  6.5
Armour         | |  2.7
Shields        | |  4.6
Spellcasting   | |  2.9
Conjurations   | |  0.7
Hexes          | |  0.7
Summonings     | |  0.7
Necromancy     | |  0.7
Translocations | |  0.7
Transmutations | |  0.7
Fire Magic     | |  0.7
Ice Magic      | |  0.7
Air Magic      | |  0.7
Earth Magic    | |  0.7
Poison Magic   | |  3.8
Evocations     | |  2.7

Action                   || total
-------------------------++-------
Melee: Short sword       ||    54
       Bite              ||     5
 Cast: Sting             ||     2
  Use: Potion            ||     1
Armor: Leather armour    ||    17
       Robe              ||     5
Dodge: Dodged            ||    25
